Map: Eastwatch LE

Players

MaNa - Winner!

  • Race: Protoss Protoss
  • Spawn Location: 1:00

Ziggy

  • Race: Terran Terran
  • Spawn Location: 7:00

Event: WCS Leipzig 2018

VOD

Have the link to the VOD?

Description

Time

  • Played on: Jan. 26, 2018, 7:26 a.m.
  • Length: 11:55

All games in this series

Show
View Real Time Build Order
Export as new Build Order

MaNa Protoss - Winner!

Build Orders: Oracle Opening 

Get SALT Encoding   

  12  0:00  Probe  
  13  0:12  Probe  
  14  0:17  Pylon  
  14  0:24  Probe (Chrono Boost)  
  15  0:36  Probe (Chrono Boost)  
  15  0:37  Gateway  
  15  0:41  Assimilator  
  16  0:45  Probe (Chrono Boost)  
  17  0:51  Assimilator  
  17  0:53  Probe (Chrono Boost)  
  18  1:05  Probe (Chrono Boost)  
  19  1:12  Probe (Chrono Boost)  
  20  1:20  Probe  
  20  1:25  Cybernetics Core  
  21  1:29  Pylon  
  21  1:32  Probe  
  22  1:44  Probe  
  23  2:01  Stargate  
  23  2:04  Probe  
  23  2:07  Stalker  
  26  2:17  Probe  
  26  2:21  Nexus, Warp Gate  
  27  2:29  Probe  
  28  2:39  Pylon  
  28  2:43  Oracle (Chrono Boost)  
  31  2:57  Probe, Stalker  
  34  3:11  Gateway  
  34  3:12  Gateway  
  34  3:13  Probe  
  35  3:22  Oracle  
  35  3:25  Probe  
  39  3:35  Probe  
  39  3:38  Probe  
  39  4:03  Probe x2  
  39  4:07  Gateway  
  41  4:11  Twilight Council  
  41  4:14  Forge  
  41  4:15  Probe x2  
  43  4:24  Sentry  
  43  4:25  Zealot x2  
  43  4:27  Probe x2  
  43  4:29  Protoss Ground Armor Level 1  
  51  4:34  Pylon  
  51  4:40  Gateway  
  51  4:43  Probe x2  
  53  4:46  Blink (Chrono Boost)  
  53  4:55  Probe  
  53  4:56  Probe  
  53  4:57  Assimilator  
  55  5:08  Probe x2  
  55  5:11  Nexus  
  57  5:20  Pylon  
  57  5:24  Stalker x2  
  61  5:30  Pylon  
  61  5:31  Pylon  
  61  5:43  Stalker  
  61  5:44  Stalker x2  
  61  5:47  Shield Battery  
  67  5:50  Probe x2  
  67  5:53  Gateway  
  67  5:56  Gateway  
  69  6:00  Stalker  
  69  6:01  Stalker  
  69  6:02  Probe  
  74  6:11  Shield Battery  
  74  6:12  Pylon  
  74  6:16  Protoss Ground Armor Level 2 (Chrono Boost)  
  72  6:24  Probe x3  
  72  6:32  Pylon  
  72  6:33  Charge (Chrono Boost)  
  72  6:34  Stalker x2  
  72  6:36  Stalker  
  78  6:43  Photon Cannon  
  78  6:51  Probe, Gateway  
  78  6:53  Assimilator  
  79  7:03  Pylon  
  79  7:15  Stalker x2  
  79  7:16  Stalker x3  
  89  7:23  Probe  
  89  7:26  Probe  
  90  7:31  Probe  
  90  7:32  Zealot x2  
  90  7:35  Probe, Gateway  
  94  7:39  Zealot x5  
  94  7:42  Probe  
  105  7:44  Pylon  
  105  7:52  Pylon  
  105  7:54  Pylon  
  105  7:59  Zealot x5  
  115  8:15  Zealot x3  
  121  8:33  Zealot x5  
  103  8:42  Zealot  
  103  8:43  Zealot x2  
  99  8:52  Probe x2  
  99  8:54  Templar Archives  
  101  9:03  Sentry x2, Zealot x4  
  101  9:04  Zealot x2  
  101  9:05  Nexus  
  117  9:13  Assimilator  
  117  9:16  Photon Cannon  
  114  9:38  Zealot x8  
  96  9:39  Protoss Ground Weapons Level 1  
  94  9:48  Robotics Facility  
  94  9:53  Pylon  
  94  9:56  Sentry  
  94  9:59  High Templar x3  
  102  10:00  High Templar x3  
  102  10:01  Zealot x2  
  102  10:03  Archon  
  102  10:04  Archon  
  102  10:05  Archon  
  102  10:07  Probe x3  
  111  10:23  Stalker x3  
  117  10:33  High Templar x2, Zealot x4  
  117  10:35  Immortal (Chrono Boost)  
  129  10:40  Archon  
  133  10:50  Zealot x3  
  133  11:02  Zealot x4  
  115  11:08  Zealot x2  
  115  11:10  Immortal (Chrono Boost)  
  111  11:13  Zealot x3  
  107  11:22  Zealot x4  
  103  11:29  Stalker  
  103  11:30  Stalker  
  97  11:34  Stalker x2  
  97  11:37  Stalker  
  95  11:47  Stalker x2  
  95  11:48  Stalker  
  95  11:54  Stalker x2  
Show
View Real Time Build Order
Export as new Build Order

Ziggy Terran 

Build Orders: MMM Bio 

Get SALT Encoding   

  12  0:00  SCV  
  13  0:12  SCV  
  14  0:17  Supply Depot  
  14  0:24  SCV  
  15  0:38  SCV  
  15  0:40  Barracks  
  16  0:44  Refinery  
  16  0:50  SCV  
  17  1:02  SCV  
  18  1:15  SCV  
  19  1:27  Marine  
  19  1:28  Orbital Command  
  20  1:38  Barracks  
  20  1:39  Barracks  
  20  1:47  Barracks Tech Lab  
  20  1:48  Supply Depot  
  20  1:56  Supply Depot  
  20  2:03  SCV  
  21  2:13  Concussive Shells, Marauder  
  23  2:17  SCV  
  24  2:30  Marine x2  
  24  2:34  Marine  
  27  2:48  Command Center  
  27  2:51  Marine  
  28  2:54  Marine x2  
  30  3:01  Supply Depot  
  30  3:05  Engineering Bay  
  30  3:07  SCV  
  30  3:12  Barracks Reactor  
  31  3:14  Barracks Reactor  
  31  3:17  Stimpack  
  30  3:31  Marine  
  30  3:33  Missile Turret  
  30  3:37  SCV  
  31  3:49  SCV  
  31  3:57  Missile Turret  
  31  4:00  Marauder, Marine x4  
  31  4:02  SCV  
  38  4:10  Factory  
  38  4:15  SCV  
  39  4:17  Marine  
  39  4:20  Orbital Command  
  40  4:27  Marine x2  
  40  4:28  Marine  
  43  4:31  SCV  
  43  4:36  Terran Infantry Weapons Level 1  
  44  4:42  Marine x2  
  44  4:43  SCV  
  47  4:47  SCV  
  48  4:55  Refinery  
  48  4:56  SCV  
  48  4:59  SCV, Starport  
  50  5:04  Marine  
  53  5:08  SCV  
  53  5:11  Supply Depot  
  52  5:14  Supply Depot  
  52  5:17  Factory Reactor  
  52  5:18  SCV  
  52  5:20  SCV  
  54  5:30  Supply Depot  
  54  5:32  Marine x4  
  54  5:33  SCV  
  54  5:34  Supply Depot  
  54  5:35  SCV  
  60  5:41  Combat Shields  
  60  5:45  Marauder  
  60  5:49  SCV x2  
  64  5:51  Refinery  
  64  5:59  Marine x4  
  64  6:01  SCV  
  64  6:04  Medivac  
  71  6:05  Marine  
  71  6:07  SCV  
  71  6:09  Refinery  
  73  6:13  SCV  
  73  6:17  Supply Depot  
  74  6:19  SCV  
  74  6:25  SCV, Marine x4  
  80  6:26  Marauder  
  80  6:31  SCV  
  83  6:34  Barracks  
  83  6:35  Terran Infantry Armor Level 1  
  83  6:37  SCV, Medivac  
  86  6:42  Marine  
  86  6:43  Marine  
  86  6:44  Medivac  
  86  6:46  SCV  
  91  6:49  SCV  
  91  6:52  Liberator  
  92  6:56  Barracks x2  
  94  7:22  Marauder  
  93  7:24  Marine x2  
  93  7:25  Marine  
  93  7:26  Marine  
  93  7:27  Barracks Tech Lab  
  90  7:37  Factory Reactor  
  90  7:39  Starport  
  90  7:44  Marauder  
  92  7:45  Supply Depot x3, Barracks Tech Lab x2  
  92  7:48  Marauder  
  92  7:49  Liberator x2  
  94  7:56  Supply Depot  
  94  7:59  Supply Depot  
  94  8:06  Marine x5  
  94  8:07  Marauder x2  
  94  8:11  Supply Depot  
  101  8:26  Medivac x2  
  102  8:34  Marauder x2, Marine x3  
  92  8:35  Marauder  
  84  8:49  Marine x2  
  84  8:50  Liberator  
  84  8:52  Marine x2  
  84  8:54  Medivac x2  
  84  8:55  Marauder  
  94  8:57  Supply Depot  
  94  9:00  Marine x2  
  94  9:01  Marine  
  97  9:07  Marine  
  97  9:08  Marauder  
  103  9:14  Marine x2  
  103  9:16  Marauder  
  107  9:19  Marauder  
  107  9:20  Marine x2  
  111  9:25  Marine  
  111  9:28  Liberator  
  111  9:29  Marauder  
  102  9:41  Marine x4  
  102  9:42  Marauder x2  
  105  9:46  Marine  
  105  9:50  Marine  
  107  9:59  Marine x2, Marauder  
  111  10:01  Command Center  
  111  10:02  Marine x2  
  111  10:03  Liberator, Marauder  
  115  10:14  Marine x2  
  115  10:21  Marine x2, Marauder x2  
  126  10:24  Marine  
  127  10:29  SCV x2  
  127  10:34  Liberator  
  128  10:36  Marine x2  
  128  10:40  Marine  
  128  10:41  Marine  
  127  10:56  Marine  
  130  10:57  Marauder  
  130  11:00  Marine x2  
  130  11:03  Marine  
  108  11:05  Marine  
  97  11:15  Marine  
  68  11:32  Marine x3  
  59  11:33  Marine, Marauder  
Tags
 
Add a new tag
Caveats
  • Supply blocks, unpowered buildings, or Contaminate may cause inaccurate times.
  • Supply counts are checked every 10 seconds.